 Dungeon Crawl Stone Soup version 0.28.0-53-g5a82cb258f (webtiles) character file.

Game seed: 17840511007404304555

103 Zeld the Magician (level 4, -3/24 HPs)
             Began as a Deep Elf Fire Elementalist on May 22, 2022.
             Slain by an adder (4 damage)
             ... on level 2 of the Dungeon.
             The game lasted 00:02:13 (1387 turns).

Zeld the Magician (Deep Elf Fire Elementalist)      Turns: 1387, Time: 00:02:13

Health: -3/24      AC:  2    Str:  5    XL:     4   Next: 51%
Magic:  0/12       EV: 13    Int: 22    God:
Gold:   0          SH:  0    Dex: 15    Spells: 5/11 levels left

rFire   . . .      SeeInvis .   (no weapon)
rCold   . . .      Faith    .   (no shield)
rNeg    . . .      Spirit   .   a - +0 robe
rPois   +          Reflect  .   (no helmet)
rElec   .          Harm     .   (no cloak)
rCorr   .          Rampage  .   (no gloves)
Will    .....                   (no boots)
Stlth   ++........              (no amulet)
HPRegen 0.08/turn               b - ring of poison resistance
MPRegen 0.13/turn               (no ring)

@: no status effects
A: no striking features
a: no special abilities


You were on level 2 of the Dungeon.
You visited 1 branch of the dungeon, and saw 2 of its levels.

Inventory:

Armour
 a - a +0 robe (worn)
Jewellery
 b - a ring of poison resistance (left hand)
Scrolls
 d - a scroll of blinking {unknown}
 f - 2 scrolls of identify {unknown}
 g - a scroll of torment {unknown}
Potions
 c - a potion of curing {unknown}
 e - a potion of degeneration {unknown}


   Skills:
 + Level 3.1 Dodging
 - Level 2.4 Stealth
 * Level 4.3 Spellcasting
 + Level 2.1 Conjurations
 + Level 1.3 Hexes
 * Level 4.2 Fire Magic


You had 5 spell levels left.
You knew the following spells:

 Your Spells              Type           Power      Damage    Failure   Level
a - Foxfire               Conj/Fire      72%        2x1d7     3%          1
b - Scorch                Fire           46%        2d7       3%          2
c - Inner Flame           Hex/Fire       16%        N/A       11%         3

Your spell library contained the following spells:

 Spells                   Type           Power      Damage    Failure   Level
 Conjure Flame            Conj/Fire      18%        6-21      9%          3
 Dazzling Flash           Conj/Hex       24%        N/A       16%         3
 Flame Wave               Conj/Fire      18%        2d6       28%         4
 Silence                  Hex/Air        3%         N/A       93%         5
 Agony                    Necr           4%         N/A       96%         5


Dungeon Overview and Level Annotations

Branches:
Dungeon (2/15)

Altars:

Annotations:
D:2 Natasha


Message History

Unknown command.
Casting: Scorch (safe; 3% risk of failure)
Confirm with . or Enter, or press ? or * to list all spells.
Flames lash the adder.
The adder is heavily wounded.
The adder's fire resistance burns away.
Natasha barely misses you. The adder barely misses you. The adder misses you.
Unknown command.
Casting: Scorch (safe; 3% risk of failure)
Confirm with . or Enter, or press ? or * to list all spells.
You don't have enough magic to cast this spell.
Unknown command.
Unknown command.
Casting: Scorch (safe; 3% risk of failure)
Confirm with . or Enter, or press ? or * to list all spells.
There is not enough space to conjure foxfire!
Unknown command.
You hit Natasha but do no damage. The adder bites you but does no damage.
Natasha misses you. The adder misses you.
Unknown command.
You barely miss Natasha. The adder barely misses you. x2
Natasha barely misses you.
Unknown command.
You miss Natasha. The adder barely misses you. The adder closely misses you.
Natasha claws you.
* * * LOW HITPOINT WARNING * * *
The adder barely misses you.
Unknown command.
Casting: Foxfire (safe; 3% risk of failure)
Confirm with . or Enter, or press ? or * to list all spells.
Flames lash the frilled lizard.
You kill the frilled lizard!
The adder is no longer more vulnerable to fire.
The adder misses you.
Natasha mumbles some strange words.
The adder misses you. The adder closely misses you.
Unknown command.
You hit Natasha but do no damage. The adder closely misses you.
The adder bites you.
You die...

#..#........##
#....#...#...#
#Kl###...##..#
#.#####..#
######..#
#.......###
##..
..........###
..#
......###...###
..# ......
###$.!####..#
...... ###KwS@#
....#
####Sh.<..#
.... ####.#...
... #


You could see Natasha, 2 adders, a dart slug and a kobold.

Vanquished Creatures
  Natasha (twice) (D:2)
  An adder (D:2)
  A worm (D:2)
  A dart slug (D:1)
  6 endoplasms (D:1)
  A giant cockroach (D:2)
  2 goblins (D:1)
  4 hobgoblins (D:1)
  4 kobolds
  2 quokkas (D:1)
  6 ball pythons
  6 bats (D:1)
  A frilled lizard (D:2)
  A rat (D:1)
38 creatures vanquished.

Vanquished Creatures (others)
  63 foxfires (D:1)
  4 plants (D:2)
67 creatures vanquished.

Grand Total: 105 creatures vanquished

Notes
Turn   | Place    | Note
-------+----------+-------------------------------------------
     0 | D:1      | Zeld the Deep Elf Fire Elementalist began the quest for the
                  | Orb.
     0 | D:1      | Reached XP level 1. HP: 10/10 MP: 6/6
   116 | D:1      | Reached XP level 2. HP: 15/15 MP: 4/8
   166 | D:1      | Learned a level 2 spell: Scorch
   658 | D:1      | Reached XP level 3. HP: 17/19 MP: 6/10
   673 | D:1      | Learned a level 3 spell: Inner Flame
  1146 | D:2      | Noticed Natasha
  1153 | D:2      | Killed Natasha
  1212 | D:2      | Reached skill level 1 in Hexes
  1212 | D:2      | Reached XP level 4. HP: 21/24 MP: 3/12
  1359 | D:2      | Noticed Natasha
  1366 | D:2      | Killed Natasha
  1378 | D:2      | Noticed Natasha
  1385 | D:2      | HP: 1/24 [Natasha (6)]
  1387 | D:2      | Slain by an adder

Illustrated notes

Levels and vault maps discovered:
D:1:      dpeg_arrival_shrine, layout_rooms
D:2:      layout_rooms, shapermc_ecumenical_altar_mp_ritualfount, serial_forest,
          infiniplex_forest_clump_double, infiniplex_forest_lined_corner,
          infiniplex_forest_clump_small, infiniplex_forest_end_2,
          infiniplex_forest_lined_room_, minmay_split_cup_small, uniq_natasha,
          uniq_sigmund, uniq_terence

Skill      XL: |  1  2  3 |
---------------+----------+-----
Dodging        | 3 |  3.1
Spellcasting   | 4 |  4.3
Conjurations   | 2 |  2.1
Fire Magic     | 4 |  4.2
Hexes          | 1 |  1.3
Stealth        | |  2.4

Action                   |  1- 3 |  4- 6 || total
-------------------------+-------+-------++-------
Melee: Unarmed           |     2 |     5 ||     7
 Cast: Foxfire           |    46 |       ||    46
       Scorch            |    19 |    10 ||    29
Armor: Robe              |    12 |     2 ||    14
Dodge: Dodged            |    19 |    29 ||    48
